 Dungeon Crawl Stone Soup version 0.28-a0-1235-g7c8fac35f0 (webtiles) character file.

Game seed: 9019093981913974053

7718 Gwenloh the Geomancer (level 11, -2/66 HPs)
             Began as a Gargoyle Earth Elementalist on Dec 24, 2021.
             Was an Initiate of Gozag.
             Slain by a reaper (3 damage)
             ... on level 2 of the Abyss.
             The game lasted 00:47:25 (11484 turns).

Gwenloh the Geomancer (GrEE)                       Turns: 11484, Time: 00:47:26

Health: -2/66      AC: 22    Str: 12    XL:     11   Next: 19%
Magic:  33/33      EV: 11    Int: 20    God:    Gozag
Gold:   992        SH:  0    Dex: 10    Spells: 19/29 levels left

rFire   . . .      SeeInvis .   a - +10 spear of Emuurhim {protect, rC+}
rCold   + . .      Faith    .   (no shield)
rNeg    + . .      Spirit   .   j - +0 steam dragon scales
rPois   ∞          Reflect  .   e - +2 hat
rElec   +          Harm     .   D - scarf {shadows}
rCorr   .          Rampage  .   C - +1 pair of gloves
Will    .....                   F - +0 pair of boots
Stlth   ++........              x - amulet of regeneration
HPRegen 1.01/turn               s - ring of magical power
MPRegen 0.23/turn               J - +4 ring of protection

@: no status effects
A: sickness immunity, AC +8, negative energy resistance 1, electricity
resistance, torment resistance 1, petrification resistance
a: Renounce Religion, Potion Petition, Call Merchant, Bribe Branch


You were on level 2 of the Abyss.
You worshipped Gozag.
Gozag was pleased with you.
You visited 2 branches of the dungeon, and saw 10 of its levels.
You visited the Abyss 1 time.

You collected 2493 gold pieces.
You spent 74 gold pieces at shops.
You paid 1427 gold pieces to Gozag.

Inventory:

Hand Weapons
 a - the +10 spear of Emuurhim (weapon) {protect, rC+}
   (You found it on level 4 of the Dungeon)

   It grants its wielder temporary protection when it strikes (+7 to AC).
   rC:        It protects you from cold.
 b - a +0 shortbow
 V - a +4 hunting sling
Missiles
 c - 216 stones
 d - 50 sling bullets
 h - 43 bolts
 p - a throwing net
 t - 6 silver javelins
 w - 126 arrows
 N - 6 silver boomerangs
 Q - 8 boomerangs
Armour
 e - a +2 hat (worn)
 j - +0 steam dragon scales (worn)
 C - a +1 pair of gloves (worn)
 D - a scarf of shadows (worn)
 F - a +0 pair of boots (worn)
 I - a +1 leather armour of cold resistance
Magical Staves
 E - a staff of fire
 P - a staff of earth
Jewellery
 s - a ring of magical power (left hand)
 x - an amulet of regeneration (around neck)
 y - a ring of flight
 J - a +4 ring of protection (right hand)
 W - a ring of willpower
Wands
 v - a wand of polymorph (7)
 H - a wand of digging (4)
 R - a wand of flame (21)
 U - a wand of paralysis (10)
Scrolls
 g - 3 scrolls of teleportation
 i - 2 scrolls of blinking
 k - 3 scrolls of immolation
 l - a scroll of amnesia
 A - a scroll of silence
 G - a scroll of magic mapping
 L - a scroll of fear {unknown}
 M - a scroll of fog
 O - a scroll of holy word
 T - a scroll of summoning
Potions
 f - a potion of haste {unknown}
 m - 6 potions of curing {unknown}
 n - a potion of lignification {unknown}
 o - 3 potions of heal wounds {unknown}
 q - 2 potions of attraction {unknown}
 r - 2 potions of might {unknown}
 u - 2 potions of cancellation {unknown}
 z - 2 potions of invisibility {unknown}
 B - a potion of degeneration {unknown}
 K - a potion of flight {unknown}
 S - 2 potions of mutation {unknown}


   Skills:
 + Level 6.7 Fighting
 - Level 1.5 Dodging
 - Level 2.1 Stealth
 * Level 9.5 Spellcasting
 + Level 7.4 Conjurations
 - Level 0.7 Transmutations
 * Level 12.5 Earth Magic


You had 19 spell levels left.
You knew the following spells:

 Your Spells              Type           Power      Damage    Failure   Level
a - Sandblast             Erth           100%       2d20      1%          1
b - Stone Arrow           Conj/Erth      98%        3d13      1%          3
c - Passwall              Tmut/Erth      30%        N/A       1%          2
d - Petrify               Tmut/Erth      36%        N/A       4%          4

Your spell library contained the following spells:

 Spells                   Type           Power      Damage    Failure   Level
 Magic Dart               Conj           100%       1d8       1%          1
 Freeze                   Ice            36%        1d6       8%          1
 Slow                     Hex            36%        N/A       8%          1
 Mephitic Cloud           Conj/Pois/Air  19%        N/A       8%          3
 Call Imp                 Summ           9%         N/A       11%         2
 Hailstorm                Conj/Ice       24%        3d7       16%         4
 Confusing Touch          Hex            9%         N/A       22%         3
 Frozen Ramparts          Ice            18%        1d3       22%         3
 Vampiric Draining        Necr           9%         2d6       22%         3


Dungeon Overview and Level Annotations

Branches:
Dungeon (9/15)             Temple (1/1) D:7
   Lair: D:8-11         Orc: D:9-12

Altars:
Ashenzari
Cheibriados
Dithmenos
Elyvilon
Fedhas
Gozag
Hepliaklqana
Kikubaaqudgha
Makhleb
Nemelex Xobeh
Okawaru
Qazlal
Ru
Trog
Uskayaw
Vehumet
Wu Jian
Xom
Yredelemnul
Zin
The Shining One
Beogh

Shops:
D:7 [*[   D:8 :

Annotations:
D:9 Erolcha


Innate Abilities, Weirdness & Mutations

You are immune to sickness and miasma.
Your stone body is resilient. (AC +8)
You are immune to poison.
You resist negative energy. (rN+)
You are resistant to electric shocks. (rElec)
You are resistant to unholy torment.
You are immune to petrification.


Message History

A large abomination is nearby!
A small abomination comes into view.
Casting: Stone Arrow (safe; 1% risk of failure)
Confirm with . or Enter, or press ? or * to list all spells.
You aren't next to any passable walls.
Unknown command.
Casting: Passwall (safe; 1% risk of failure)
Confirm with . or Enter, or press ? or * to list all spells.
Aiming: Passwall (safe; 1% risk of failure)
Press: ? - help, Dir - move target A rock wall.
You begin to meditate on the wall.
You continue meditating on the rock.
The small abomination closely misses you.
The small abomination hits you but does no damage.
You continue meditating on the rock.
The small abomination hits you.
You finish merging with the rock.
The chaos spawn howls!
Casting: Passwall (safe; 1% risk of failure)
Confirm with . or Enter, or press ? or * to list all spells.
Aiming: Passwall (safe; 1% risk of failure)
Press: ? - help, Dir - move target You can't see that place. [the floor.]
You begin to meditate on the wall.
You continue meditating on the rock. x2
The large abomination hits you!!
You finish merging with the rock.
Found a gateway leading deeper into the Abyss.
Found a gateway leading out of the Abyss.
There is a gateway leading deeper into the Abyss here.
You can't go up here!
A reaper comes into view. It is wielding a +1 vorpal scythe.
The reaper hits you from afar with a +1 vorpal scythe!!
Ouch! That really hurt!
* * * LOW HITPOINT WARNING * * *
There is a gateway leading out of the Abyss here.
The reaper hits you from afar with a +1 vorpal scythe!
* * * LOW HITPOINT WARNING * * *
You die...
Your body crumbles into a pile of gold.

........ .. . .# #. .
...#.. .## ... . ......
#..######.#..... ....
#...8...#...........
#.8...8.## ......∩..
##.......## .....#.. .
##.8..@..8###.....##
..........#.#Y....### #
.#..82..8.#..#.#.######
#....8.Y.#.....##.X##.
....#.#.##.>########4..
##..#..#.###.# #### ...
#.. ## .# ## #.. .. . .
.##


You could see a reaper and a sky beast.

Vanquished Creatures
  A two-headed ogre (D:9)
  Pikel (D:4)
  A manticore (D:6)
  A kobold demonologist (D:7)
  Prince Ribbit (D:9)
  A troll (D:6)
  A shadow (D:7)
  Grum (D:8)
  6 yaks
  A steam dragon (D:7)
  2 nagas (D:8)
  A water moccasin (D:6)
  An ice beast (D:7)
  3 orc warriors
  3 black bears
  A necrophage (D:4)
  2 sky beasts
  An ogre (D:7)
  2 wolves (D:8)
  3 centaurs
  2 lemures (D:4)
  A phantom (D:5)
  3 bullfrogs
  A scorpion (D:5)
  A water moccasin skeleton (D:6)
  8 killer bees
  3 wights (D:7)
  3 howler monkeys
  3 centaur zombies
  4 bullfrog zombies
  8 hounds
  7 orc priests
  Crazy Yiuf (D:2)
  3 jellies
  A centaur skeleton (D:6)
  2 gnoll shamans
  Natasha (thrice) (D:2)
  An iguana (D:6)
  13 orc wizards
  A killer bee zombie (D:8)
  Robin (D:3)
  16 gnolls
  6 adders
  2 shadow imps (D:7)
  A white imp (D:7)
  2 ufetubi
  5 worms
  2 dart slugs
  40 orcs
  A ball python (D:1)
  2 bats
  2 endoplasms (D:1)
  4 giant cockroaches
  15 goblins
  11 hobgoblins
  8 jackals
  2 quokkas
  A frilled lizard (D:2)
  6 kobolds
  4 rats
  A bush (D:6)
235 creatures vanquished.

Notes
Turn   | Place    | Note
-------+----------+-------------------------------------------
     0 | D:1      | Gwenloh the Gargoyle Earth Elementalist began the quest for
                  | the Orb.
     0 | D:1      | Reached XP level 1. HP: 10/10 MP: 3/3
   202 | D:1      | Found a faded altar of an unknown god.
   438 | D:1      | Reached XP level 2. HP: 15/15 MP: 3/5
   474 | D:1      | Reached skill level 4 in Earth Magic
  1250 | D:2      | Reached XP level 3. HP: 19/19 MP: 2/7
  1254 | D:2      | Learned a level 3 spell: Stone Arrow
  1387 | D:2      | Learned a level 2 spell: Passwall
  1537 | D:2      | Noticed Natasha
  1550 | D:2      | Killed Natasha
  1551 | D:2      | Reached XP level 4. HP: 22/24 MP: 5/8
  1842 | D:2      | Noticed Natasha
  1846 | D:2      | Killed Natasha
  1847 | D:2      | Reached skill level 1 in Conjurations
  1847 | D:2      | Reached skill level 5 in Earth Magic
  2144 | D:2      | Reached XP level 5. HP: 28/28 MP: 10/10
  2182 | D:2      | Found a runed translucent door.
  2183 | D:2      | Noticed Crazy Yiuf
  2215 | D:2      | Noticed Natasha
  2220 | D:2      | Killed Natasha
  2485 | D:2      | Killed Crazy Yiuf
  3258 | D:3      | Noticed Robin
  3267 | D:3      | Killed Robin
  3435 | D:3      | Reached XP level 6. HP: 32/32 MP: 11/11
  3440 | D:3      | Reached skill level 6 in Earth Magic
  3445 | D:3      | Learned a level 4 spell: Petrify
  4604 | D:4      | Identified the +10 spear of Emuurhim {protect, rC+}
  4782 | D:4      | Reached XP level 7. HP: 36/36 MP: 13/13
  5019 | D:4      | Noticed Pikel
  5045 | D:4      | Killed Pikel
  5046 | D:4      | Reached skill level 5 in Spellcasting
  5046 | D:4      | Reached skill level 7 in Earth Magic
  5046 | D:4      | Reached XP level 8. HP: 34/44 MP: 16/16
  5345 | D:5      | Entered Level 5 of the Dungeon
  5632 | D:4      | Reached skill level 8 in Earth Magic
  6832 | D:6      | Noticed a yak
  6832 | D:6      | Noticed a yak
  6895 | D:6      | Reached skill level 9 in Earth Magic
  6895 | D:6      | Reached XP level 9. HP: 49/51 MP: 18/18
  7074 | D:6      | Reached skill level 5 in Conjurations
  7714 | D:6      | Noticed a manticore
  7725 | D:6      | Killed a manticore
  7726 | D:6      | Reached skill level 10 in Earth Magic
  7758 | D:6      | Noticed a troll
  7766 | D:6      | Killed a troll
  7873 | D:6      | Reached skill level 5 in Fighting
  7873 | D:6      | Reached XP level 10. HP: 48/59 MP: 10/21
  7993 | D:7      | Identified a scroll of acquirement
  8006 | D:7      | Acquired 1299 gold pieces
  8009 | D:7      | Found a staircase to the Ecumenical Temple.
  8036 | Temple   | Entered the Ecumenical Temple
  8352 | Temple   | Became a worshipper of Gozag Ym Sagoz the Greedy
  8387 | D:7      | Noticed a kobold demonologist
  8394 | D:7      | Killed a kobold demonologist
  8514 | D:7      | Reached skill level 11 in Earth Magic
  8656 | D:7      | Found Yfuphuq's Antique Armour Emporium.
  8845 | D:7      | Found a runed translucent door.
  9187 | D:7      | Found Edob's General Store.
  9190 | D:7      | Bought a scroll of identify for 22 gold pieces
  9190 | D:7      | Bought 24 arrows for 52 gold pieces
  9521 | D:8      | Noticed Maurice
  9522 | D:8      | Noticed Maurice
  9522 | D:8      | Maurice changed into Maurice the naga
  9529 | D:8      | Killed Maurice the naga
  9698 | D:8      | Noticed Grum
  9705 | D:8      | Killed Grum
 10168 | D:8      | Noticed Joseph
 10170 | D:8      | Noticed Joseph
 10170 | D:8      | Joseph changed into Joseph the naga
 10183 | D:8      | Killed Joseph the naga
 10446 | D:9      | Reached skill level 12 in Earth Magic
 10534 | D:9      | Noticed Prince Ribbit
 10549 | D:9      | Killed Prince Ribbit
 10550 | D:9      | Reached XP level 11. HP: 65/65 MP: 5/24
 10926 | D:9      | Noticed a two-headed ogre
 10933 | D:9      | Killed a two-headed ogre
 11221 | D:9      | Noticed Erolcha
 11369 | D:9      | Cast into level 2 of the Abyss (Erolcha)
 11407 | Abyss:2  | Noticed a large abomination
 11480 | Abyss:2  | Noticed a reaper
 11484 | Abyss:2  | HP: 1/66 [reaper (11)]
 11484 | Abyss:2  | Slain by a reaper

Illustrated notes

Levels and vault maps discovered:
D:1:      dpeg_arrival_oval, layout_basic,
          shapermc_ecumenical_altar_mp_highgroup, nrook_uturn
D:2:      layout_basic, lemuel_another_geyser, uniq_crazy_yiuf_cottage,
          uniq_natasha
D:3:      layout_rooms, minmay_misc_feat_columns, uniq_robin
D:4:      layout_cave_pods, uniq_pikel
D:5:      layout_cave_pods, st_stairs_14
D:6:      layout_loops_ring, kb_lookout_dungeons_type, minmay_three_doors
D:7:      layout_loops_ring, minmay_temple_entry_grid, serial_shops, shop,
          kennysheep_mini_moat, hellmonk_bongcloud_opening,
          kennysheep_minor_cross, lightli_church_of_beogh
D:8:      layout_rooms, uniq_grum, uniq_maurice, uniq_joseph
D:9:      layout_big_octagon, lair_entry_dummy, serial_gnoll_camp,
          gnoll_camp_huts_basic, gnoll_camp_mini_doghouse,
          gnoll_camp_mini_doghouse, gnoll_camp_mini_house, gnoll_camp_mini_hut,
          uniq_erolcha, uniq_prince_ribbit1
Temple:   nicolae_temple_the_god_donut
Abyss:2:  base: D:9, evilmike_abyss_exit_8

Skill      XL: |  1  2  3  4  5  6  7  8  9 10 |
---------------+-------------------------------+-----
Earth Magic    | 4 5 6 7 9 10 12 | 12.5
Spellcasting   | 3 4 5 6 7 9 |  9.5
Conjurations   | 1 2 3 4 5 7 |  7.4
Fighting       | 2 3 5 6 |  6.7
Dodging        | |  1.5
Stealth        | |  2.1
Transmutations | |  0.7

Action                   |  1- 3 |  4- 6 |  7- 9 | 10-12 || total
-------------------------+-------+-------+-------+-------++-------
Melee: Unarmed           |    20 |       |       |       ||    20
       Dagger            |    43 |    45 |       |       ||    88
       Quarterstaff      |       |    63 |       |       ||    63
       Spear             |       |    13 |   113 |   159 ||   285
       Shortbow          |       |       |       |     2 ||     2
 Fire: Hunting sling     |       |    45 |    63 |       ||   108
       Shortbow          |       |       |     9 |    83 ||    92
 Cast: Sandblast         |    12 |    13 |    14 |     2 ||    41
       Stone Arrow       |       |    14 |    45 |    95 ||   154
       Passwall          |       |     9 |       |     2 ||    11
       Petrify           |       |       |     1 |       ||     1
Invok: Call Merchant     |       |       |       |     2 ||     2
Evoke: Wand              |       |       |       |     3 ||     3
  Use: Scroll            |       |       |     4 |     7 ||    11
 Stab: Sleeping          |     2 |     2 |       |       ||     4
       Distracted        |       |       |       |     1 ||     1
Armor: Robe              |    13 |    71 |    40 |       ||   124
       Leather armour    |       |       |    42 |    60 ||   102
       Steam dragon scal |       |       |       |    75 ||    75
Dodge: Dodged            |    25 |    90 |    75 |   114 ||   304

Table legend: (Time is in decaauts)
 A = Elapsed time spent in this place.
 B = Non-inter-level travel time spent in this place.
 C = Inter-level travel time spent in this place.
 D = Time resting spent in this place.
 E = Time spent auto-exploring this place.
 F = Levels seen in this place.
 G = Mean time per level.
                   A        B        C        D        E       F      G
               +--------+--------+--------+--------+--------+-----+--------+
         Total |  11522 |  11169 |    353 |   1195 |   7470 |  11 | 1047.5 |
       Dungeon |  11081 |  10764 |    317 |   1166 |   7199 |   9 | 1231.2 |
        Temple |    325 |    289 |     36 |      0 |    271 |   1 |  325.0 |
         Abyss |    114 |    114 |      0 |     29 |      0 |   1 |  114.0 |
               +--------+--------+--------+--------+--------+-----+--------+

Top non-repeatable levels by time:
     D:2: 1989 daAuts
     D:6: 1663 daAuts
     D:7: 1211 daAuts
     D:3: 1163 daAuts
     D:1: 1131 daAuts
     D:4: 1097 daAuts
     D:8: 1025 daAuts
     D:5: 960 daAuts
     D:9: 838 daAuts
  Temple: 325 daAuts
 Abyss:2: 114 daAuts
